 Seeded DCSS version 0.28-a0-1184-g53156a8862 (webtiles) character file.

Game seed: 12130800008223909736 (custom seed)

42 croobank the Digger (level 3, 0/19 HPs)
             Began as a Gargoyle Earth Elementalist on Dec 17, 2021.
             Slain by Pargi (1 damage)
             ... on level 3 of the Dungeon.
             The game lasted 00:07:15 (2140 turns).

croobank the Digger (Gargoyle Earth Elementalist)   Turns: 2140, Time: 00:07:19

Health: 0/19       AC:  5    Str: 13    XL:     3   Next: 54%
Magic:  0/6        EV: 12    Int: 15    God:
Gold:   105        SH:  0    Dex: 10    Spells: 5/6 levels left

rFire   . . .      SeeInvis .   d - +0 hand axe
rCold   . . .      Faith    .   (no shield)
rNeg    + . .      Spirit   .   r - +0 robe
rPois   ∞          Reflect  .   (no helmet)
rElec   +          Harm     .   (no cloak)
rCorr   .          Rampage  .   (no gloves)
Will    .....                   (no boots)
Stlth   ++........              (no amulet)
HPRegen 0.06/turn               (no ring)
MPRegen 0.10/turn               (no ring)

@: no status effects
A: sickness immunity, AC +3, negative energy resistance 1, electricity
resistance, torment resistance 1, petrification resistance
a: no special abilities


You were on level 3 of the Dungeon.
You visited 1 branch of the dungeon, and saw 3 of its levels.

You collected 105 gold pieces.

Inventory:

Hand Weapons
 b - a +0 vorpal hunting sling
 d - a +0 hand axe (weapon)
 l - a +0 long sword
 u - a +1 short sword of speed
Missiles
 a - 7 poisoned darts (quivered)
 c - 17 stones
 e - 11 arrows
Armour
 q - a +0 chain mail
 r - a +0 robe (worn)
Jewellery
 h - an amulet of regeneration
 j - a ring of fire
Scrolls
 g - 4 scrolls of identify {unknown}
 k - 3 scrolls of acquirement {unknown}
 m - 2 scrolls of enchant armour {unknown}
 o - 2 scrolls of immolation {unknown}
 p - a scroll of summoning {unknown}
 t - a scroll of enchant weapon {unknown}
Potions
 f - a potion of flight {unknown}
 n - a potion of berserk rage {unknown}


   Skills:
 + Level 1.0 Axes
 + Level 1.6 Dodging
 + Level 2.4 Stealth
 + Level 2.4 Spellcasting
 + Level 0.7 Transmutations
 + Level 4.4 Earth Magic


You had 5 spell levels left.
You knew the following spells:

 Your Spells              Type           Power      Damage    Failure   Level
a - Sandblast             Erth           30%        2d9       3%          1

Your spell library contained the following spells:

 Spells                   Type           Power      Damage    Failure   Level
 Passwall                 Tmut/Erth      7%         N/A       11%         2
 Stone Arrow              Conj/Erth      16%        3d8       26%         3
 Petrify                  Tmut/Erth      9%         N/A       58%         4


Dungeon Overview and Level Annotations

Branches:
Dungeon (3/15)

Altars:

Annotations:
D:3 Pargi


Innate Abilities, Weirdness & Mutations

You are immune to sickness and miasma.
Your stone body is resilient. (AC +3)
You are immune to poison.
You resist negative energy. (rN+)
You are resistant to electric shocks. (rElec)
You are resistant to unholy torment.
You are immune to petrification.


Message History

Aiming: Sandblast (safe; 3% risk of failure)
Press: ? - help, Shift-Dir - straight line, f/p - Pargi
Aim: Pargi (moderately wounded, 74% to hit)
The blast of sand hits Pargi!
Pargi is heavily wounded.
c - 19 stones Pargi barely misses you.
Pargi claws you. Pargi closely misses you.
Casting: Sandblast (safe; 3% risk of failure)
Confirm with . or Enter, or press ? or * to list all spells.
Aiming: Sandblast (safe; 3% risk of failure)
Press: ? - help, Shift-Dir - straight line, f/p - Pargi
Aim: Pargi (heavily wounded, 74% to hit)
The blast of sand hits Pargi.
Pargi is severely wounded.
c - 18 stones Pargi misses you.
Pargi claws you but does no damage. Pargi claws you.
Casting: Sandblast (safe; 3% risk of failure)
Confirm with . or Enter, or press ? or * to list all spells.
Aiming: Sandblast (safe; 3% risk of failure)
Press: ? - help, Shift-Dir - straight line, f/p - Pargi
Aim: Pargi (severely wounded, 74% to hit)
The blast of sand hits Pargi.
Pargi is severely wounded.
c - 17 stones Pargi bites you.
* * * LOW HITPOINT WARNING * * *
Pargi claws you but does no damage. Pargi barely misses you.
You closely miss Pargi.
Pargi is severely wounded.
Pargi bites you.
* * * LOW HITPOINT WARNING * * *
Pargi misses you. Pargi barely misses you.
You closely miss Pargi.
Pargi is severely wounded.
Pargi bites you.
* * * LOW HITPOINT WARNING * * *
Pargi closely misses you. Pargi misses you.
Pargi snarls, "My home!
Leave!"
Pargi bites you but does no damage. Pargi claws you.
You die...

#.######.## #.#
##.## #...# #+#
#...# #.# #...# #.#
##.## ##.###
#####.##### ##...#.
#.@T......###......
#.###.##..†###...#.
#. #.##.#.........
#. #......########
#. #####.## #. #.#
#. ..# ## ####


You could see Pargi.

Vanquished Creatures
  A worm (D:2)
  4 dart slugs
  An orc (D:3)
  3 endoplasms (D:1)
  2 giant cockroaches
  4 goblins
  4 hobgoblins
  2 quokkas (D:1)
  2 ball pythons (D:2)
  2 bats
  3 rats
28 creatures vanquished.

Vanquished Creatures (others)
  2 plants (D:3)
2 creatures vanquished.

Grand Total: 30 creatures vanquished

Notes
Turn   | Place    | Note
-------+----------+-------------------------------------------
     0 | D:1      | croobank the Gargoyle Earth Elementalist began the quest
                  | for the Orb.
     0 | D:1      | Reached XP level 1. HP: 10/10 MP: 3/3
   437 | D:1      | Reached XP level 2. HP: 13/15 MP: 5/5
   582 | D:1      | Reached skill level 4 in Earth Magic
  1165 | D:2      | Reached XP level 3. HP: 19/19 MP: 6/6
  1594 | D:2      | Reached skill level 1 in Axes
  2104 | D:3      | Noticed Pargi
  2140 | D:3      | Slain by Pargi

Illustrated notes

Levels and vault maps discovered:
D:1:      minmay_arrival_checkered_box, layout_basic, minmay_pentomino_q2
D:2:      layout_loops_cross
D:3:      layout_loops_corners, serial_bayou, serial_bayou_pond_c,
          serial_bayou_lagoon_b, serial_bayou_pond_c, serial_bayou_pond_e,
          uniq_pargi, uniq_jessica

Skill      XL: |  1  2  3 |
---------------+----------+-----
Earth Magic    | 4 |  4.4
Axes           | 1 |  1.0
Dodging        | |  1.6
Stealth        | |  2.4
Spellcasting   | |  2.4
Transmutations | |  0.7

Action                   || total
-------------------------++-------
Melee: Hand axe          ||    49
Throw: Dart              ||     3
 Cast: Sandblast         ||    32
  Use: Potion            ||     1
 Stab: Sleeping          ||     1
Armor: Robe              ||    17
Dodge: Dodged            ||    57

Table legend: (Time is in decaauts)
 A = Elapsed time spent in this place.
 B = Non-inter-level travel time spent in this place.
 C = Inter-level travel time spent in this place.
 D = Time resting spent in this place.
 E = Time spent auto-exploring this place.
 F = Levels seen in this place.
 G = Mean time per level.
                   A        B        C        D        E       F      G
               +--------+--------+--------+--------+--------+-----+--------+
         Total |   2152 |   2104 |     48 |    337 |   1397 |   3 |  717.3 |
       Dungeon |   2152 |   2104 |     48 |    337 |   1397 |   3 |  717.3 |
               +--------+--------+--------+--------+--------+-----+--------+

Top non-repeatable levels by time:
     D:1: 1139 daAuts
     D:2: 722 daAuts
     D:3: 290 daAuts
